[Event "ICC tourney 1934 (60 10)"]
[Site "Internet Chess Club"]
[Date "2020.07.25"]
[Round "1"]
[White "HarleyQueen8"]
[Black "dabpacman"]
[Result "1-0"]
[ICCResult "Black resigns"]
[WhiteElo "1518"]
[BlackElo "1233"]
[Opening "Benkö gambit accepted"]
[ECO "A58"]
[NIC "BI.45"]
[Time "11:06:05"]
[TimeControl "3600+10"]

1. d4 Nf6 2. c4 c5 3. d5 b5 4. cxb5 a6 5. bxa6 g6 6. Nc3 d6 7. e4 Bxa6 8.
Bxa6 Nxa6 9. Nf3 Bg7 10. O-O O-O 11. h3 Qb6 12. Qe2 Rfb8 13. Nd2 Nd7 14. Nc4
Qc7 15. Bg5 Ne5 16. Nxe5 Bxe5 17. Kh1 c4 18. Be3 Nb4 19. f4 Bg7 20. f5 Nd3
21. Rab1 Qa5 22. fxg6 hxg6 23. Bg5 Ra7 24. Qf3 e6 25. Bf6 e5 26. Bxg7 Kxg7
27. Qf6+ Kg8 28. Qxd6 Rab7 29. Qf6 Qb6 30. Qg5 Qd6 31. Rf6 Qd7 32. Rbf1 Nf4
33. Qxe5 Nxh3 34. Rxf7 Qxf7 35. Rxf7 Rxf7 36. Qxb8+ {Black resigns} 1-0

[Event "ICC tourney 1934 (60 10)"]
[Site "Internet Chess Club"]
[Date "2020.07.25"]
[Round "1"]
[White "lmperfectFocus"]
[Black "knvsback"]
[Result "1/2-1/2"]
[ICCResult "Game drawn by repetition"]
[WhiteElo "1562"]
[BlackElo "1427"]
[Opening "Petrov: French attack"]
[ECO "C42"]
[NIC "RG.03"]
[Time "11:05:40"]
[TimeControl "3600+10"]

1. e4 e5 2. Nf3 Nf6 3. Nxe5 d6 4. Nf3 Nxe4 5. d3 Nf6 6. Be2 d5 7. O-O Bd6 8.
Bg5 O-O 9. Nc3 c6 10. d4 Bf5 11. Bd3 Bxd3 12. Qxd3 h6 13. Bh4 Nbd7 14. Rfe1
Qc7 15. Re2 Rfe8 16. Rae1 Rxe2 17. Rxe2 Re8 18. Ne5 Nxe5 19. dxe5 Rxe5 20.
Bxf6 Rxe2 21. Qxe2 gxf6 22. Qg4+ Kh8 23. g3 Qd8 24. Qh5 Bf8 25. Qxf7 Qe7 26.
Qxe7 Bxe7 27. Kg2 Kg7 28. f4 f5 29. Kf3 Bf6 30. Nd1 c5 31. c3 d4 32. cxd4
Bxd4 33. b3 Kf6 34. Ne3 Ke6 35. Ke2 b5 36. Kd3 h5 37. h3 Bxe3 38. Kxe3 Kd5
39. Kd3 c4+ 40. bxc4+ bxc4+ 41. Ke3 c3 42. Kd3 c2 43. Kxc2 Ke4 44. Kc3 Kf3
45. Kd4 Kxg3 46. Ke5 Kxh3 47. Kxf5 Kg3 48. Ke5 h4 49. f5 h3 50. f6 h2 51. f7
h1=Q 52. f8=Q Qa1+ 53. Kd6 Qd4+ 54. Ke7 Qc5+ 55. Ke8 Qc6+ 56. Ke7 Qb7+ 57.
Ke8 Qc8+ 58. Ke7 Qc7+ 59. Ke8 Qc6+ 60. Ke7 Qe4+ 61. Kf6 Qh4+ 62. Kg7 Qg5+
63. Kh8 Qh5+ 64. Kg7 Qg4+ 65. Kf6 Qd4+ 66. Ke7 Qc5+ 67. Ke8 Qc6+
{Game drawn by repetition}
1/2-1/2

[Event "ICC tourney 1934 (60 10)"]
[Site "Internet Chess Club"]
[Date "2020.07.25"]
[Round "1"]
[White "rkanury1"]
[Black "SavageKey-456"]
[Result "0-1"]
[ICCResult "White checkmated"]
[WhiteElo "1182"]
[BlackElo "1348"]
[Opening "Scandinavian defense"]
[ECO "B01"]
[NIC "SD.03"]
[Time "11:06:34"]
[TimeControl "3600+10"]

1. e4 d5 2. exd5 Nf6 3. Nc3 c6 4. d4 cxd5 5. Nf3 Nc6 6. Be2 Bg4 7. h3 Bf5 8.
Bd3 Bxd3 9. Qxd3 e6 10. O-O Bd6 11. Re1 Qd7 12. Nb5 Bb8 13. a3 Ne4 14. c4 a6
15. Nc3 f5 16. cxd5 exd5 17. Na4 Ba7 18. Bf4 O-O 19. Nc3 Rae8 20. Ne5 Rxe5
21. Bxe5 Nxe5 22. dxe5 Bxf2+ 23. Kh2 Bg3+ 24. Kg1 Bxe1 25. Rxe1 Nxc3 26.
Qxc3 Qc6 27. Qd4 Re8 28. Kf2 Re6 29. Kf3 Qe8 30. Qxd5 Kh8 31. Rd1 Qh5+ 32.
Kf2 Re8 33. e6 h6 34. Qd7 Kh7 35. Rd4 Qg6 36. e7 Qf7 37. Qxb7 Rxe7 38. Qxa6
Qb3 39. Rd2 Qe3+ 40. Kf1 Qe1# {White checkmated} 0-1

[Event "ICC tourney 1934 (60 10)"]
[Site "Internet Chess Club"]
[Date "2020.07.25"]
[Round "1"]
[White "rpughiii"]
[Black "NonnaThat"]
[Result "1/2-1/2"]
[ICCResult "Game drawn by mutual agreement"]
[WhiteElo "1306"]
[BlackElo "1707"]
[Opening "Réti opening"]
[ECO "A04"]
[NIC "QP.10"]
[Time "11:06:09"]
[TimeControl "3600+10"]

1. Nf3 c5 2. g3 Nc6 3. Bg2 d5 4. O-O e5 5. d3 Nf6 6. Nbd2 Be7 7. e4 O-O 8.
c3 h6 9. Qe2 d4 10. Nc4 Bd6 11. a4 Be6 12. Nxd6 Qxd6 13. c4 Ne7 14. Bd2 Nd7
15. Nh4 g5 16. Nf3 f5 17. h4 g4 18. Nh2 h5 19. f4 Ng6 20. fxe5 Qxe5 21. Bf4
Nxf4 22. Rxf4 Nf6 23. Re1 fxe4 24. Bxe4 Nxe4 25. Qxe4 Qxe4 26. Rexe4 Rxf4
27. Rxf4 Rf8 28. Rxf8+ Kxf8 29. Kf2 Bd7 30. b3 Bc6 31. Ke2 Kf7 32. Nf1 Bf3+
33. Kd2 Ke6 34. Kc2 Ke5 35. Nd2 b6 36. Nb1 Kd6 37. Nd2 a5 38. Nf1
{Game drawn by mutual agreement}
1/2-1/2

[Event "ICC tourney 1934 (60 10)"]
[Site "Internet Chess Club"]
[Date "2020.07.25"]
[Round "1"]
[White "StevChess01"]
[Black "tricksterssbu"]
[Result "1/2-1/2"]
[ICCResult "Game drawn by mutual agreement"]
[WhiteElo "1323"]
[BlackElo "1376"]
[Opening "QGD semi-Slav"]
[ECO "D43"]
[NIC "SL.03"]
[Time "11:05:52"]
[TimeControl "3600+10"]

1. d4 d5 2. c4 c6 3. Nc3 Nf6 4. Nf3 e6 5. Bg5 Be7 6. e3 Nbd7 7. cxd5 exd5 8.
Bd3 O-O 9. Qc2 h6 10. Bh4 Re8 11. O-O Ne4 12. Bxe7 Qxe7 13. Rab1 Ndf6 14. h3
Bf5 15. Na4 Nd7 16. Rbc1 Rad8 17. a3 Qf6 18. Nd2 Qg5 19. Kh2 Qh4 20. Nf3 Qf6
21. b4 b5 22. Nc5 Ndxc5 23. bxc5 Bd7 {Game drawn by mutual agreement}
1/2-1/2

[Event "ICC tourney 1934 (60 10)"]
[Site "Internet Chess Club"]
[Date "2020.07.25"]
[Round "1"]
[White "Roger436"]
[Black "kralj8"]
[Result "0-1"]
[ICCResult "White checkmated"]
[WhiteElo "1343"]
[BlackElo "1673"]
[Opening "Ruy Lopez: fianchetto (Smyslov/Barnes) defense"]
[ECO "C60"]
[NIC "RL.03"]
[Time "11:05:51"]
[TimeControl "3600+10"]

1. e4 e5 2. Nf3 Nc6 3. Bb5 g6 4. c3 Bg7 5. d3 a6 6. Ba4 b5 7. Bb3 Na5 8. Bc2
Ne7 9. Bg5 f6 10. Bc1 O-O 11. Nbd2 d6 12. h3 Bb7 13. O-O h6 14. Re1 f5 15.
d4 exd4 16. Nxd4 Qd7 17. Qe2 Rae8 18. a4 Nac6 19. Bb3+ d5 20. axb5 Nxd4 21.
cxd4 fxe4 22. bxa6 Bxd4 23. Nxe4 Nf5 24. axb7 Kg7 25. Ba4 c6 26. Qa6 Rxe4
27. Rxe4 dxe4 28. Qxc6 Bxf2+ 29. Kh2 Bg3+ 30. Kh1 Qxc6 31. Bxc6 Nd4 32.
Bxh6+ Kxh6 33. Bxe4 Nb3 34. Rd1 Nc5 35. Bf3 Rb8 36. Kg1 Nxb7 37. Kf1 Nc5 38.
Rb1 Nd3 39. b3 Re8 40. Bd5 Nb4 41. Bf3 Kg5 42. Rc1 Re3 43. Rc5+ Kf4 44. Rc4+
Ke5 45. Be2 Rxb3 46. Rc5+ Kd4 47. Rc4+ Ke3 48. Rc1 Na2 49. Ra1 Rb2 50. Bc4
Nc3 51. Ba6 Rd2 52. Bb7 Rf2+ 53. Kg1 Rb2 54. Bf3 Ne2+ 55. Bxe2 Kxe2 56. Rc1
Rd2 57. Rb1 Rd1+ 58. Rxd1 Kxd1 59. Kf1 Kd2 60. Kg1 Ke2 61. Kh1 Kf2 62. h4
Bxh4 63. Kh2 Bd8 64. g4 Kf3 65. Kh3 g5 66. Kh2 Kxg4 67. Kg2 Kf4 68. Kh3 g4+
69. Kg2 g3 70. Kh3 Bc7 71. Kg2 Kg4 72. Kg1 Kf3 73. Kh1 g2+ 74. Kg1 Bb6+ 75.
Kh2 g1=Q+ 76. Kh3 Qh1# {White checkmated} 0-1

[Event "ICC tourney 1934 (60 10)"]
[Site "Internet Chess Club"]
[Date "2020.07.25"]
[Round "1"]
[White "msk2018"]
[Black "skywise"]
[Result "0-1"]
[ICCResult "White checkmated"]
[WhiteElo "1436"]
[BlackElo "1566"]
[Opening "Queen's pawn: London system"]
[ECO "A45"]
[NIC "QP.07"]
[Time "11:06:04"]
[TimeControl "3600+10"]

1. d4 Nf6 2. Bf4 g6 3. e3 Bg7 4. h3 O-O 5. c3 d6 6. Nf3 b6 7. Nbd2 Bb7 8.
Bg3 Nbd7 9. Bd3 c5 10. Bc2 Rc8 11. O-O Re8 12. Re1 e5 13. dxe5 Nxe5 14. e4
Nxf3+ 15. Qxf3 d5 16. Bh4 Qd6 17. exd5 Bxd5 18. Qd1 Rxe1+ 19. Qxe1 Re8 20.
Qd1 Nh5 21. Ne4 Qe5 22. Ng3 Nf4 23. Qg4 Bxg2 24. Bg5 Qxg5 25. Qxg5 Nxh3+ 26.
Kxg2 Nxg5 27. Rd1 Bf6 28. f4 Ne6 29. f5 Ng5 30. fxg6 hxg6 31. Kf2 Kg7 32.
Re1 Nh3+ 33. Kf1 Rxe1+ 34. Kxe1 Bh4 35. Kf1 Bxg3 36. Kg2 Ng5 37. Kxg3 Ne6
38. Kg4 f5+ 39. Bxf5 gxf5+ 40. Kxf5 Kf7 41. Ke5 Ke7 42. Kd5 Kd7 43. b4 cxb4
44. cxb4 Nc7+ 45. Kc4 a6 46. a4 Kc6 47. a5 b5+ 48. Kd4 Nd5 49. Kd3 Nxb4+ 50.
Kc3 Kc5 51. Kb3 Nc6 52. Ka3 Nxa5 53. Ka2 Kb4 54. Ka1 Kc3 55. Kb1 b4 56. Ka1
b3 57. Kb1 b2 58. Ka2 Kc2 59. Ka3 b1=Q 60. Ka4 Qb5+ 61. Ka3 Qb3#
{White checkmated}
0-1

[Event "ICC tourney 1934 (60 10)"]
[Site "Internet Chess Club"]
[Date "2020.07.25"]
[Round "1"]
[White "hursha6b5"]
[Black "imranchamp"]
[Result "0-1"]
[ICCResult "White resigns"]
[WhiteElo "1358"]
[BlackElo "1478"]
[Opening "Sicilian: Pelikan, Chelyabinsk variation"]
[ECO "B33"]
[NIC "SI.37"]
[Time "11:05:48"]
[TimeControl "3600+10"]

1. e4 c5 2. Nf3 Nc6 3. d4 cxd4 4. Nxd4 Nf6 5. Nc3 e5 6. Ndb5 d6 7. Bg5 a6 8.
Na3 b5 9. Nd5 Be7 10. Bxf6 Bxf6 11. c4 b4 12. Nc2 a5 13. Qf3 O-O 14. h4 Bb7
15. g4 Bxh4 16. Qh3 g5 17. Qf3 f6 18. Rd1 Ne7 19. Nxf6+ Kg7 20. Rxh4 gxh4
21. g5 Ng8 22. Qg4 Nxf6 23. gxf6+ Kxf6 24. Rd3 Ke7 25. Qxh4+ Kd7 26. Bh3+
Kc6 27. Qxh7 Bc8 28. Bxc8 Rxc8 29. Qa7 Ra8 30. Qe3 Qh4 31. c5 dxc5 32. Rd5
Qe7 33. Qd3 Rfd8 34. Ne3 Rd7 35. Nf5 Qh7 36. Qc4 Kc7 37. Rxc5+ Kd8 38. Rd5
Rc8 39. Qb5 Qh1+ 40. Ke2 Qxe4+ 41. Ne3 Rxd5 42. Qb6+ Kd7 43. Qb7+ Rc7 44.
Qxd5+ Qxd5 45. Nxd5 Rc2+ 46. Ke3 Rxb2 47. Nb6+ Kc6 48. Nc4 Rxa2 49. Nxe5+
Kd5 50. Nd3 b3 51. Nc1 b2 52. Nxa2 Kc4 53. f4 b1=Q {White resigns} 0-1

[Event "ICC tourney 1934 (60 10)"]
[Site "Internet Chess Club"]
[Date "2020.07.25"]
[Round "1"]
[White "MysteryHunter"]
[Black "Zues9393"]
[Result "0-1"]
[ICCResult "White checkmated"]
[WhiteElo "1537"]
[BlackElo "1580"]
[Opening "Sicilian: dragon, Yugoslav attack, Rauser variation"]
[ECO "B76"]
[NIC "SI.17"]
[Time "11:05:51"]
[TimeControl "3600+10"]

1. e4 c5 2. Nf3 d6 3. d4 cxd4 4. Nxd4 Nf6 5. Nc3 g6 6. Be3 Bg7 7. f3 O-O 8.
Qd2 Nc6 9. O-O-O d5 10. exd5 Nxd5 11. Nxc6 bxc6 12. Bd4 e5 13. Bc5 Be6 14.
Ne4 Rb8 15. Bc4 Re8 16. Rhe1 Nf4 17. Bxe6 Nxe6 18. Qxd8 Rbxd8 19. a3 Nxc5
20. Nxc5 Rd5 21. b4 Red8 22. Rd3 f5 23. Red1 Kf7 24. c4 Rxd3 25. Rxd3 Rxd3
26. Nxd3 e4 27. fxe4 fxe4 28. Nc5 e3 29. Nd3 h5 30. Kd1 Ke6 31. a4 Bc3 32.
Kc2 Bd2 33. a5 Kf5 34. a6 Ke4 35. b5 cxb5 36. cxb5 Ba5 37. Nc1 Bc7 38. Kb3
Bxh2 39. b6 Bb8 40. b7 Kd4 41. Kb4 h4 42. Kb5 Kd5 43. Ne2 g5 44. Ng1 g4 45.
Ne2 h3 46. g3 h2 47. Nf4+ Bxf4 48. gxf4 h1=Q 49. Ka5 Qa1+ 50. Kb5 Qb2+ 51.
Ka5 Kc5 52. b8=Q Qa3# {White checkmated} 0-1

[Event "ICC tourney 1934 (60 10)"]
[Site "Internet Chess Club"]
[Date "2020.07.25"]
[Round "1"]
[White "AkshatSuresh"]
[Black "cdj12417489"]
[Result "1-0"]
[ICCResult "Black forfeits on time"]
[WhiteElo "1631"]
[BlackElo "1172"]
[Opening "Sicilian: Scheveningen (Paulsen), classical variation"]
[ECO "B84"]
[NIC "SI.23"]
[Time "11:06:11"]
[TimeControl "3600+10"]

1. e4 c5 2. Nf3 d6 3. d4 cxd4 4. Nxd4 a6 5. Nc3 Nf6 6. Be2 e6 7. Be3 Be7 8.
O-O b5 9. a3 Bb7 10. f3 O-O 11. Qe1 Nbd7 12. Rd1 d5 13. exd5 Nxd5 14. Nxd5
Bxd5 15. Qg3 Kh8 16. c3 Rg8 17. Bd3 Nf8 18. Qh3 Qd6 19. Ne2 Bf6 20. b4 g6
21. Be4 Qe5 22. Bd4 Qg5 23. Bxf6+ Qxf6 24. Bxd5 exd5 25. Rxd5 Qe6 26. Qxe6
Nxe6 27. Rfd1 Rgd8 28. Rxd8+ Rxd8 29. Rxd8+ Nxd8 30. Nd4 Kg7 31. g4 Kf8 32.
Kf2 Ke7 33. Ke3 Kd6 34. Ke4 f6 35. f4 Nf7 36. h3 Nd8 37. h4 Nf7 38. Nf3 Nh6
39. g5 f5+ 40. Kd4 Nf7 41. Ne5 Nd8 42. c4 Ne6+ 43. Ke3 bxc4 44. Nxc4+ Kd5
45. Na5 Nd4 46. Kd3 Nf3 47. Ke3 Nxh4 48. Nb7 Ng2+ 49. Kf3 Ne1+ 50. Ke2 Nc2
51. Nc5 Nxa3 52. Nxa6 Nb5 53. Nc5 Kc4 54. Ne6 Kxb4 55. Nf8 Nd6 56. Nxh7 Nf7
57. Nf8 Nh8 58. Ke3 Kc4 59. Nh7 Kd5 60. Kd3 Nf7 61. Nf6+ Kc5 62. Nd7+ Kd6
63. Nf6 Kc5 64. Ke3 Kd6 65. Kd4 Ke6 66. Nh7 {Black forfeits on time} 1-0

[Event "ICC tourney 1934 (60 10)"]
[Site "Internet Chess Club"]
[Date "2020.07.25"]
[Round "1"]
[White "ScoutViolet"]
[Black "TeeKay2020"]
[Result "0-1"]
[ICCResult "White forfeits on time"]
[WhiteElo "1308"]
[BlackElo "1481"]
[Opening "French: MacCutcheon, Lasker variation"]
[ECO "C12"]
[NIC "FR.05"]
[Time "11:05:59"]
[TimeControl "3600+10"]

1. e4 e6 2. d4 d5 3. Nc3 Nf6 4. Bg5 Bb4 5. e5 h6 6. Bd2 Bxc3 7. Bxc3 Ne4 8.
Bb4 Nd7 9. c3 c5 10. dxc5 Nxe5 11. Qd4 Qf6 12. f3 Nc6 13. Bb5 Qxd4 14. cxd4
Nf6 15. Bc3 Bd7 16. Ne2 O-O 17. O-O a6 18. Bd3 Rfe8 19. Ng3 Na7 20. b4 Bb5
21. Bxb5 Nxb5 22. Bb2 Na7 23. a4 Rab8 24. Rfb1 b6 25. Bc3 Rec8 26. Kf2 Nd7
27. b5 bxc5 28. dxc5 axb5 29. axb5 Nxb5 30. Bb4 Nxc5 31. Bxc5 Rxc5 32. Ra5
Rb7 33. Ne2 Nd6 34. Ra8+ Kh7 35. Rxb7 Nxb7 36. Ra7 Nd6 37. Rd7 Rc6 38. Nd4
Ra6 39. h4 e5 40. Ne2 f6 41. Nc3 d4 42. Nd5 Nf5 43. h5 Rd6 44. Rxd6 Nxd6 45.
Ke2 f5 46. Ne7 e4 47. f4 g5 48. hxg6+ Kg7 49. g3 Kf6 50. Ng8+ Kxg6 51. Ne7+
Kh5 52. Ng8 d3+ 53. Ke1 e3 54. Nf6+ Kg6 55. Nd5 Nc4 {White forfeits on time}
0-1

[Event "ICC tourney 1934 (60 10)"]
[Site "Internet Chess Club"]
[Date "2020.07.25"]
[Round "1"]
[White "geowhiz27"]
[Black "Eagle2020"]
[Result "0-1"]
[ICCResult "White checkmated"]
[WhiteElo "1193"]
[BlackElo "1536"]
[Opening "French: advance, Euwe variation"]
[ECO "C02"]
[NIC "FR.03"]
[Time "11:06:10"]
[TimeControl "3600+10"]

1. e4 e6 2. d4 d5 3. e5 c5 4. c3 Nc6 5. Nf3 Bd7 6. a3 a5 7. Be2 cxd4 8. cxd4
Nge7 9. Be3 Nf5 10. O-O Qb6 11. Qd2 g6 12. Nc3 Bg7 13. Na4 Qd8 14. Nc5 b6
15. Nd3 O-O 16. Bg5 f6 17. exf6 Bxf6 18. Bxf6 Qxf6 19. Nde5 Nxe5 20. Nxe5
Qg7 21. Bg4 Rad8 22. Bxf5 Rxf5 23. Rac1 Bb5 24. Rfe1 Rdf8 25. g3 Qf6 26. f4
Qg7 27. Qe3 g5 28. fxg5 Qxg5 29. Qxg5+ Rxg5 30. Rc7 Rgf5 31. Rb7 Rf2 32.
Rxb6 Rxb2 33. Ng4 a4 34. Rbxe6 Rf3 35. R6e3 Rb3 36. Rxf3 Rxf3 37. Re3 Rf1+
38. Kg2 Rd1 39. Nf6+ Kg7 40. Nxd5 Bc6 41. Re7+ Kf8 42. Rxh7 Bxd5+ 43. Kf2
Rxd4 44. h4 Rd3 45. h5 Rxa3 46. Ra7 Rf3+ 47. Ke2 Rxg3 48. Rxa4 Rh3 49. Ra7
Rxh5 50. Ke3 Bf7 51. Kf4 Kg7 52. Ke4 Kf6 53. Ra6+ Be6 54. Rd6 Ke7 55. Rd4
Bb3 56. Rb4 Rh4+ 57. Ke5 Rxb4 58. Kf5 Bd5 59. Ke5 Bb7 60. Kf5 Re4 61. Kg5
Ke6 62. Kg6 Rg4+ 63. Kh5 Kf5 64. Kh6 Kf6 65. Kh7 Bd5 66. Kh6 Rh4#
{White checkmated}
0-1

[Event "ICC tourney 1934 (60 10)"]
[Site "Internet Chess Club"]
[Date "2020.07.25"]
[Round "1"]
[White "PatrickChen"]
[Black "saisneha"]
[Result "1-0"]
[ICCResult "Black resigns"]
[WhiteElo "1537"]
[BlackElo "1556"]
[Opening "Queen's pawn: London system"]
[ECO "A45"]
[NIC "QP.07"]
[Time "11:06:24"]
[TimeControl "3600+10"]

1. d4 Nf6 2. Bf4 d5 3. e3 e6 4. c3 c5 5. Nd2 Bd6 6. Bg3 Qc7 7. Ngf3 Nc6 8.
dxc5 Bxg3 9. hxg3 Ne7 10. Nb3 Ne4 11. Bb5+ Bd7 12. Bxd7+ Qxd7 13. Nfd2 Nf6
14. c4 O-O 15. O-O Rac8 16. cxd5 Nexd5 17. Qf3 Rfd8 18. Rfd1 Qb5 19. Rac1
Nd7 20. Ne4 Ne5 21. Qh5 Ng6 22. Nd6 Qa6 23. Nxc8 Rxc8 24. Ra1 Nge7 25. Rd2
Nc6 26. Qe2 Qa4 27. Nd4 Ne5 28. Nf3 Ng6 29. Rd4 Qa5 30. a3 Qxc5 31. Rad1 h6
32. e4 Nf6 33. Rd8+ Rxd8 34. Rxd8+ Nf8 35. Rd1 N8d7 36. b4 Qc7 37. Qd3 a6
38. Qd4 g5 39. Qe3 b5 40. Rc1 Qb7 41. Re1 Kg7 42. Qd3 Qc7 43. Qd4 Qc6 44.
Ne5 Nxe5 45. Qxe5 Qc2 46. Qd4 Kg6 47. e5 Nd5 48. Qe4+ Qxe4 49. Rxe4 Kf5 50.
f3 h5 51. g4+ hxg4 52. Rxg4 Kxe5 53. Rxg5+ Kf6 54. Rg8 Nb6 55. Kf2 Nc4 56.
Ra8 Nxa3 57. Rxa6 Nc2 58. Rb6 Nxb4 59. Rxb5 Nd5 60. g4 Kg5 61. Kg3 Kf6 62.
f4 Ne7 63. Kf3 Nd5 64. Ra5 Kg6 65. Rc5 Kf6 66. Ke4 Ne7 67. Rb5 Ng6 68. Rh5
Ne7 69. Rh6+ Kg7 70. Rh5 Kf6 71. Rb5 Ng6 72. f5 exf5+ 73. gxf5 Nf8 74. Kf4
Nd7 75. Rb7 Nc5 76. Rb6+ Kg7 77. Rc6 Nd7 78. Kg5 Ne5 79. f6+ Kh7 80. Rc7 Kg8
81. Rc5 Ng6 82. Kh6 Nf8 83. Rc8 {Black resigns} 1-0

[Event "ICC tourney 1934 (60 10)"]
[Site "Internet Chess Club"]
[Date "2020.07.25"]
[Round "1"]
[White "rcww2020"]
[Black "keb2020"]
[Result "1/2-1/2"]
[ICCResult "Game drawn because neither player has mating material"]
[WhiteElo "1336"]
[BlackElo "1506"]
[Opening "Pirc: Holmov system"]
[ECO "B07"]
[NIC "PU.07"]
[Time "11:05:55"]
[TimeControl "3600+10"]

1. e4 d6 2. d4 Nf6 3. Nc3 g6 4. Bc4 Bg7 5. Nf3 O-O 6. O-O Nxe4 7. Nxe4 d5 8.
Bxd5 Qxd5 9. Nc3 Qd8 10. Bf4 c6 11. h3 Nd7 12. Qd2 Nb6 13. Bh6 Nc4 14. Qc1
Bf5 15. Bxg7 Kxg7 16. Ne2 Qc7 17. Ng3 Bd7 18. Qg5 f6 19. Qc5 Be6 20. Rfe1 b6
21. Qb4 a5 22. Qc3 Bf7 23. Rad1 Rad8 24. b3 Nd6 25. Rd2 Rfe8 26. d5 c5 27.
Ng5 Nb5 28. Qb2 Rxd5 29. Rxd5 Bxd5 30. c4 Nd4 31. cxd5 fxg5 32. Qd2 Qf4 33.
Qd3 g4 34. hxg4 Qxg4 35. Qa6 h5 36. Qb7 Kf7 37. d6 Ne6 38. d7 Rf8 39. Qxb6
h4 40. Re4 Qd1+ 41. Nf1 Qxd7 42. Rxh4 Qc7 43. Rh7+ Kf6 44. Qxc7 Nxc7 45. Ne3
Rd8 46. Nc4 Rd1+ 47. Kh2 Ra1 48. a4 Ra2 49. f3 Nd5 50. Rh8 Nf4 51. Ne3 Re2
52. Ng4+ Kg7 53. Rc8 Rxg2+ 54. Kh1 Rc2 55. Ne5 Kf6 56. Rxc5 Rxc5 57. Nd7+
Ke6 58. Nxc5+ Kd5 59. Nb7 Ne2 60. Nxa5 Nd4 61. Kg2 Kc5 62. Nb7+ Kb6 63. Nd8
Nxb3 64. Nf7 Nc5 65. Ne5 Nxa4 66. Nxg6 e6 67. Nf8 Nc5 68. Nxe6 Nxe6 69. Kg3
Kc6 70. Kg4 Kd6 71. f4 Nxf4
{Game drawn because neither player has mating material}
1/2-1/2

[Event "ICC tourney 1934 (60 10)"]
[Site "Internet Chess Club"]
[Date "2020.07.25"]
[Round "1"]
[White "chessKingT"]
[Black "kwen2008"]
[Result "0-1"]
[ICCResult "White checkmated"]
[WhiteElo "1423"]
[BlackElo "1676"]
[Opening "Ruy Lopez: 5.O-O"]
[ECO "C78"]
[NIC "RL.12"]
[Time "11:05:47"]
[TimeControl "3600+10"]

1. e4 e5 2. Nf3 Nc6 3. Bb5 a6 4. Ba4 Nf6 5. O-O b5 6. Bb3 Bc5 7. a4 Rb8 8.
Re1 O-O 9. c3 d6 10. h3 h6 11. d4 Bb6 12. Be3 exd4 13. cxd4 Na5 14. Bc2 Nc4
15. Bc1 Re8 16. axb5 axb5 17. b3 Na5 18. Nc3 Nc6 19. Bb2 Ba5 20. d5 Bxc3 21.
Bxc3 Ne5 22. Nd4 Bd7 23. Ba5 Qc8 24. Qd2 c5 25. dxc6 Nxc6 26. Bc3 Ne5 27.
Bb4 Rb6 28. Rec1 Qb7 29. f3 Rc8 30. Bd3 Rxc1+ 31. Rxc1 Qa7 32. Kh2 Rb7 33.
Be2 Rb6 34. Nc2 Qb8 35. Rd1 d5 36. f4 Nxe4 37. Qxd5 Ng4+ 38. Bxg4 Qxf4+ 39.
Kg1 Qf2+ 40. Kh2 Qg3+ 41. Kg1 Qf2+ 42. Kh2 Bxg4 43. Qa8+ Kh7 44. Qxe4+ Bf5
45. Qe3 Qxc2 46. Rc1 Qb2 47. Bc3 Qa3 48. Qd4 Rg6 49. Bb2 Qa8 50. g4 Be6 51.
Ra1 Qf3 52. Qd1 Qf2+ 53. Kh1 Qxb2 54. Rb1 Qe5 55. Kg1 Qe3+ 56. Kg2 Qe4+ 57.
Kg1 Bd5 58. Kf2 Rf6+ 59. Kg3 Qg2+ 60. Kh4 g5+ 61. Kh5 Qxh3# {White
checkmated} 0-1

[Event "ICC tourney 1934 (60 10)"]
[Site "Internet Chess Club"]
[Date "2020.07.25"]
[Round "2"]
[White "siddhu25"]
[Black "ozturkms77"]
[Result "1-0"]
[ICCResult "Black resigns"]
[WhiteElo "1480"]
[BlackElo "1427"]
[Opening "Two knights defense"]
[ECO "C55"]
[NIC "IG.01"]
[Time "14:01:11"]
[TimeControl "3600+10"]

1. e4 e5 2. Nf3 Nc6 3. Bc4 Nf6 4. O-O Bc5 5. d4 Nxd4 6. Nxe5 O-O 7. Be3 Ne6
8. Bxe6 Bxe3 9. Bxf7+ Rxf7 10. Nxf7 Bb6 11. Nxd8 {Black resigns} 1-0

[Event "ICC tourney 1934 (60 10)"]
[Site "Internet Chess Club"]
[Date "2020.07.25"]
[Round "2"]
[White "Priccchess"]
[Black "PatrickChen"]
[Result "1/2-1/2"]
[ICCResult "Game drawn by mutual agreement"]
[WhiteElo "1634"]
[BlackElo "1545"]
[Opening "Sicilian: Anderssen variation"]
[ECO "B41"]
[NIC "SI.41"]
[Time "14:00:45"]
[TimeControl "3600+10"]

1. e4 c5 2. Nf3 e6 3. d4 cxd4 4. Nxd4 Nf6 5. Bd3 Nc6 6. Nxc6 bxc6 7. Nc3 d5
8. exd5 cxd5 9. Bb5+ Bd7 10. Bxd7+ Qxd7 11. O-O Be7 12. h3 O-O 13. Bf4 Bd6
14. Bxd6 Qxd6 15. Ne2 Rfc8 16. c3 Rab8 17. Qc2 Rb7 18. Rad1 Rcb8 19. b3 Qc5
20. Rd3 Ne4 21. Ng3 Nxg3 22. Rxg3 Qe7 23. Re1 {Game drawn by mutual
agreement} 1/2-1/2

[Event "ICC tourney 1934 (60 10)"]
[Site "Internet Chess Club"]
[Date "2020.07.25"]
[Round "2"]
[White "NonnaThat"]
[Black "rcww2020"]
[Result "1-0"]
[ICCResult "Black checkmated"]
[WhiteElo "1708"]
[BlackElo "1333"]
[Opening "Sicilian: Taimanov (Bastrikov) variation"]
[ECO "B47"]
[NIC "SI.40"]
[Time "14:00:57"]
[TimeControl "3600+10"]

1. e4 c5 2. Nf3 e6 3. d4 cxd4 4. Nxd4 Nc6 5. Nc3 Qc7 6. f4 a6 7. Nf3 Bb4 8.
Bd3 Nf6 9. O-O Bc5+ 10. Kh1 b5 11. e5 Ng4 12. Ne4 Bb6 13. Nd6+ Kf8 14. Nxf7
Kxf7 15. Ng5+ Kg8 16. Qxg4 h6 17. Qh5 g6 18. Qxg6+ Kf8 19. Qf7#
{Black checkmated}
1-0

[Event "ICC tourney 1934 (60 10)"]
[Site "Internet Chess Club"]
[Date "2020.07.25"]
[Round "2"]
[White "kwen2008"]
[Black "evg1234567"]
[Result "1-0"]
[ICCResult "Black checkmated"]
[WhiteElo "1686"]
[BlackElo "1554"]
[Opening "QGD: exchange variation"]
[ECO "D35"]
[NIC "TD.08"]
[Time "14:00:50"]
[TimeControl "3600+10"]

1. d4 Nf6 2. c4 e6 3. Nc3 d5 4. cxd5 Nxd5 5. Nf3 Nxc3 6. bxc3 c5 7. e4 cxd4
8. cxd4 Bb4+ 9. Bd2 Bxd2+ 10. Qxd2 O-O 11. Bc4 Qb6 12. O-O Nc6 13. Rab1 Qc7
14. Rfc1 Qe7 15. Bb5 Bd7 16. d5 exd5 17. exd5 Nb8 18. Bxd7 Qxd7 19. Ne5 Qd6
20. Nc4 Qd7 21. Re1 Na6 22. d6 Rfe8 23. Ne5 Qd8 24. Rxb7 Rf8 25. Nc6 Qf6 26.
Rxa7 Rxa7 27. Nxa7 Nb8 28. d7 Qd8 29. Rd1 h6 30. Qd6 Kh7 31. h3 f6 32. Nc6
Nxc6 33. Qxc6 Kg8 34. Qe6+ Kh7 35. Rc1 Qa8 36. Rc8 Qa3 37. Qe4+ Kh8 38.
Rxf8+ Qxf8 39. Qe8 Qxe8 40. dxe8=Q+ Kh7 41. a4 h5 42. Qxh5+ Kg8 43. Qe8+ Kh7
44. a5 f5 45. a6 f4 46. a7 f3 47. a8=Q g5 48. Qae4+ Kh6 49. Q8g6#
{Black checkmated}
1-0

[Event "ICC tourney 1934 (60 10)"]
[Site "Internet Chess Club"]
[Date "2020.07.25"]
[Round "2"]
[White "EthanPowers"]
[Black "MysteryHunter"]
[Result "0-1"]
[ICCResult "White resigns"]
[WhiteElo "1287"]
[BlackElo "1538"]
[Opening "Sicilian: Najdorf, Adams attack"]
[ECO "B90"]
[NIC "SI.14"]
[Time "14:00:56"]
[TimeControl "3600+10"]

1. e4 c5 2. Nf3 d6 3. d4 cxd4 4. Nxd4 Nf6 5. Nc3 a6 6. h3 e5 7. Nde2 Be6 8.
g4 Nc6 9. Bg2 Be7 10. O-O Rc8 11. f4 Bc4 12. b3 Bxe2 13. Nxe2 Qc7 14. g5 Nd7
15. Ba3 b5 16. h4 h6 17. Rc1 hxg5 18. hxg5 b4 19. Bb2 f6 20. g6 Qb6+ 21. Rf2
f5 22. Kf1 Bh4 {White resigns} 0-1

[Event "ICC tourney 1934 (60 10)"]
[Site "Internet Chess Club"]
[Date "2020.07.25"]
[Round "2"]
[White "Singireddy"]
[Black "whyyoutrysohard"]
[Result "1-0"]
[ICCResult "Black resigns"]
[WhiteElo "1741"]
[BlackElo "1355"]
[Opening "Sicilian: Alapin's variation (2.c3)"]
[ECO "B22"]
[NIC "SI.47"]
[Time "14:00:55"]
[TimeControl "3600+10"]

1. e4 c5 2. c3 Nf6 3. e5 Nd5 4. d4 cxd4 5. cxd4 d6 6. Nf3 dxe5 7. dxe5 Nc6
8. Bc4 Nb6 9. Qxd8+ Nxd8 10. Bb3 g6 11. Nc3 Bg7 12. h3 Be6 13. Be3 Bxb3 14.
axb3 Nd7 15. Nd5 Rc8 16. Rxa7 Nxe5 17. Nxe5 Bxe5 18. O-O e6 19. Nb6 Rc2 20.
Ra8 Rc7 21. Rd1 Ke7 22. Nc4 Bg7 23. Bb6 Rd7 24. Bc5+ Ke8 25. Nd6+
{Black resigns}
1-0